 Dungeon Crawl Stone Soup version 0.17-a0-1887-g3e50df6 (webtiles) character file.

19 ahoge the Shield-Bearer (level 2, -2/19 HPs)
             Began as a Gargoyle Fighter on Sept 23, 2015.
             Slain by Crazy Yiuf
             ... wielding a +3 quarterstaff of chaos
              (3 damage)
             ... on level 2 of the Dungeon.
             The game lasted 00:03:39 (1096 turns).

ahoge the Shield-Bearer (Gargoyle Fighter)          Turns: 1096, Time: 00:03:40

Health: -2/19      AC: 14    Str: 19    XL:     2   Next: 75%
Magic:  2/2        EV:  3    Int:  8    God:
Gold:   78         SH:  9    Dex:  9    Spells: 0 memorised, 1 level left

rFire  . . .     SeeInvis .     a - +0 flail
rCold  . . .     Clarity  .     n - +0 plate armour
rNeg   + . .     SustAt   .     c - +0 shield
rPois  ∞         Gourm    .     (no helmet)
rElec  +         Spirit   .     (no cloak)
rCorr  .         Warding  .     (no gloves)
rMut   .         Stasis   .     (no boots)
MR     .....                    (no amulet)
Stlth  ..........               (no ring)
                                (no ring)

@: not resistant to hostile enchantments, extremely unstealthy
A: negative energy resistance 1, electricity resistance, unbreathing,
petrification resistance, rot immunity, AC +2
a: no special abilities


You were on level 2 of the Dungeon.
You were not hungry.

You visited 1 branch of the dungeon, and saw 2 of its levels.

You collected 78 gold pieces.

Inventory:

Hand weapons
 a - a +0 flail (weapon)
Armour
 b - a +0 scale mail
 c - a +0 shield (worn)
 n - a +0 plate armour (worn)
Scrolls
 h - a scroll of remove curse {unknown}
 i - 4 scrolls of identify {unknown}
 j - a scroll of blinking {unknown}
 k - a scroll of recharging {unknown}
 m - a scroll of enchant armour {unknown}
 p - a scroll of noise {unknown}
Potions
 d - a potion of might
 f - 3 potions of lignification {unknown}
 l - a potion of agility {unknown}
Comestibles
 e - 2 bread rations
 o - a slice of pizza


   Skills:
 + Level 3.5 Fighting
 + Level 2.0 Maces & Flails
 + Level 3.5 Armour
 + Level 0.1 Dodging
 + Level 3.8 Shields


You had one spell level left.
You didn't know any spells.

Dungeon Overview and Level Annotations

Branches:
Dungeon (2/15)

Altars:
Fedhas
Sif Muna

Annotations:
D:2 Crazy Yiuf


Innate Abilities, Weirdness & Mutations

You are resistant to torment.
Your stone body is resilient (AC +2).
You are immune to poison.
You resist negative energy.
You are resistant to electric shocks.
You can survive without breathing.
You are immune to petrification.
You are immune to rotting.


Message History

Found a mace.
Crazy Yiuf the Enlightened comes into view.
He is wielding a quarterstaff of chaos.
Crazy Yiuf shouts!
Crazy Yiuf zaps a wand.
The magic dart hits you!
It is a wand of magic darts.
Crazy Yiuf zaps a wand.
The magic dart hits you!
Crazy Yiuf zaps a wand.
The magic dart hits you!
Crazy Yiuf yells, "Gum head verde!"
You block Crazy Yiuf's attack.
You hit Crazy Yiuf but do no damage.
Crazy Yiuf zaps a wand.
The magic dart hits you!
* * * LOW HITPOINT WARNING * * *
You are too injured to fight recklessly!
You are too injured to fight recklessly!
You hit Crazy Yiuf but do no damage. You block Crazy Yiuf's attack.
You hit Crazy Yiuf.
Crazy Yiuf is lightly wounded.
Crazy Yiuf laughs, "Gnoll!"
Crazy Yiuf zaps a wand.
The magic dart hits you!
Crazy Yiuf hits you with a quarterstaff of chaos.
You die...

........##
..........
.........#
####...#.# #####.#
♣♣♣♣♣#### #..
#####♣♣♣.♣...#.####.
#...#♣..♣........##.
#.g@..♣♣♣♣.♣........
#)..#♣♣ ♣♣..#......
##### ♣♣##......
#...... #......
##...... #.......
###..... #.....


You could see Crazy Yiuf.

Vanquished Creatures
  A ball python (D:1)
  A hobgoblin (D:2)
  A kobold (D:1)
  6 bats
  A giant cockroach (D:1)
  2 giant newts (D:1)
  2 goblins (D:1)
  7 rats
21 creatures vanquished.

Notes
Turn   | Place    | Note
--------------------------------------------------------------
     0 | D:1      | ahoge the Gargoyle Fighter began the quest for the Orb.
     0 | D:1      | Reached XP level 1. HP: 14/14 MP: 1/1
   200 | D:1      | Reached XP level 2. HP: 19/19 MP: 2/2
  1041 | D:2      | Found a deep blue altar of Sif Muna.
  1051 | D:2      | Found a blossoming altar of Fedhas.
  1089 | D:2      | Noticed Crazy Yiuf
  1096 | D:2      | Slain by Crazy Yiuf

Vault maps used:
D:1:      dpeg_arrival_long_road, hangedman_decor_growths, serial_park_tiny_2,
          minmay_misc_feat_nine_boxes, serial_bayou_lake_a
D:2:      amethyst_overflow_temple_binary, minmay_ruptured, uniq_terence,
          uniq_crazy_yiuf_cottage, uniq_iyjb

Action                   || total
-------------------------++-------
Melee: Flail             ||    89
  Eat: Chunk             ||     1
